AoeStats
← 馬哩個逼

Socotra

504649803Analyzed
4v4 RM · 28d ago on Sep 6, 2026· 32m 39s· 8 players
Game mode
Random Map
Map size
148×148
Population
200
Speed
Normal
Resources
Standard
Victory
Conquest
Starting age
Dark Age
Ending age
Imperial Age
RankedLock teamsTeams togetherTeam positionsShared explorationLock speedFull tech treeHidden civsTurbo modeCheats
Victory
Defeat
🇵🇪 Goths · Peru
1147
+13
🇨🇳 Khitans · China
1100
+15
🇹🇼 Hindustanis · Taiwan
1004
+19
🇧🇷 Ethiopians · Brazil
983
+19
🇻🇳 Muisca · Vietnam
1126
-19
🇯🇵 Teutons · Japan
1106
-18
🇺🇸 Tatars · United States
1068
-16
🇺🇸 Armenians · United States
981
-13
Hello World
2:50 Loom
10:59 Feudal Age
13:20 Double-Bit Axe
14:13 Forging
14:54 Horse Collar
22:11 Castle Age
20:44 Fletching
21:29 Padded Archer Armor
21:48 Bloodlines
22:52 Bodkin Arrow
23:04 Gold Mining
28:50 Ballistics
31:23 Bow Saw
31:29 Scale Barding Armor
Jum
4:07 Loom
11:11 Feudal Age
11:43 Double-Bit Axe
12:39 Man-at-Arms
18:11 Wheelbarrow
17:26 Long Swordsman
18:38 Arson
19:25 Scale Mail Armor
19:40 Forging
19:27 Horse Collar
21:26 Pikeman
24:39 Castle Age
24:53 Fletching
25:08 Gold Mining
25:45 Squires
25:33 Gambesons
26:39 Chain Mail Armor
26:28 Stone Mining
26:52 Bow Saw
30:19 Hand Cart
33:15 Iron Casting
越南王力宏
2:52 Loom
13:30 Feudal Age
15:12 Double-Bit Axe
16:23 Champi Runner
20:36 Fletching
23:12 Horse Collar
28:23 Scale Mail Armor
29:52 Forging
33:50 Castle Age
牛来
2:01 Loom
11:44 Feudal Age
19:28 Double-Bit Axe
wiroo99
0:28 Loom
25:29 Feudal Age
Faizcafria
3:26 Loom
12:40 Feudal Age
15:01 Gold Mining
15:09 Double-Bit Axe
20:33 Fletching
20:55 Horse Collar
28:49 Padded Archer Armor
34:58 Castle Age
馬哩個逼
12:53 Feudal Age
14:37 Loom
17:35 Castle Age
15:34 Horse Collar
15:47 Double-Bit Axe
19:00 Bow Saw
20:53 Heavy Plow
22:57 Wheelbarrow
25:18 Scale Barding Armor
25:24 Forging
26:12 Gold Mining
26:28 Husbandry
26:57 Bloodlines
30:07 Stone Mining
33:35 Chain Barding Armor
33:50 Iron Casting
Gimme pocket or quit
5:18 Loom
14:03 Feudal Age
21:44 Castle Age
20:57 Double-Bit Axe
22:41 Stone Mining
Connection lost

Rejoining the realm…

Still unreachable

The connection could not be restored.

Session expired

The server has moved on; the page needs a fresh start.